 Dungeon Crawl Stone Soup version 0.30-a0-772-g5528072125 (webtiles) character file.

Game seed: 10981330258407066552

3353 jimonade the Spear-Bearer (level 10, -3/76 HPs)
             Began as a Formicid Fighter on Feb 12, 2023.
             Was a Believer of Okawaru.
             Slain by a killer bee (4 damage)
             ... on level 7 of the Dungeon.
             The game lasted 00:13:35 (7505 turns).

jimonade the Spear-Bearer (Formicid Fighter)        Turns: 7505, Time: 00:13:35

Health: -3/76      AC: 15    Str: 22    XL:     10   Next: 22%
Magic:  10/11      EV: 11    Int: 11    God:    Okawaru [**....]
Gold:   235        SH:  7    Dex: 19    Spells: 9/9 levels left

rFire   . . .      SeeInvis +    a - +0 trident
rCold   . . .      Faith    .    c - +0 buckler
rNeg    + . .      Spirit   .    s - +0 chain mail
rPois   .          Reflect  .    (helmet unavailable)
rElec   .          Harm     .    y - +0 cloak
rCorr   .          Rampage  .    w - +0 pair of gloves
Will    +....                    (no boots) Stlth
                                 (no amulet)
HPRegen 0.32/turn                p - +6 ring of dexterity
MPRegen 0.12/turn                o - ring of positive energy

@: lethally poisoned (-3 -> -5), heroic
A: permanent stasis, dig shafts and tunnels, antennae 3, four strong arms
a: Dig, Shaft Self, Renounce Religion, Heroism


You were on level 7 of the Dungeon.
You worshipped Okawaru.
Okawaru was pleased with you.
You visited 2 branches of the dungeon, and saw 8 of its levels.

You collected 235 gold pieces.

Inventory:

Hand Weapons
 a - a +0 trident (weapon)
 b - a +2 sling of flaming
 v - a +0 shortbow
 B - a +0 trident
Missiles
 x - 3 poisoned darts
Armour
 c - a +0 buckler (worn)
 f - a +0 ring mail
 l - a +2 robe of fire resistance
 r - a +0 scale mail
 s - a +0 chain mail (worn)
 w - a +0 pair of gloves (worn)
 y - a +0 cloak (worn)
Jewellery
 o - a ring of positive energy (right hand)
 p - a +6 ring of dexterity (left hand)
 u - an amulet of faith
Wands
 m - a wand of flame (18)
 A - a wand of light (7)
Scrolls
 g - a scroll of enchant armour {unknown}
 j - a scroll of vulnerability {unknown}
 n - a scroll of teleportation {unknown}
 z - 2 scrolls of fear {unknown}
Potions
 d - 2 potions of might
 e - 5 potions of curing
 h - 2 potions of attraction {unknown}
 i - 3 potions of mutation
 k - a potion of flight {unknown}
 q - 2 potions of brilliance
 t - a potion of ambrosia {unknown}


   Skills:
 + Level 5.9(10.9) Fighting
 * Level 11.1(16.1) Polearms
 + Level 0.8(5.8) Ranged Weapons
 + Level 6.5(11.5) Armour
 - Level 1.3(6.3) Dodging
 + Level 0.6(5.6) Stealth
 + Level 6.4(11.4) Shields
 * Level 2.1 Invocations


You had 9 spell levels left.
You didn't know any spells.
Your spell library contained the following spells:

 Spells                   Type           Power      Damage    Failure   Level
 Sandblast                Erth           0%         2d4       93%         1
 Passwall                 Tmut/Erth      0%         N/A       98%         2
 Inner Flame              Hex/Fire       0%         N/A       100%        3
 Ozocubu's Armour         Ice            0%         N/A       100%        3
 Stone Arrow              Conj/Erth      0%         3d7       100%        3
 Cause Fear               Hex            0%         N/A       100%        4
 Ozocubu's Refrigeration  Ice            0%         4d7       100%        7
 Discord                  Hex            0%         N/A       100%        8


Dungeon Overview and Level Annotations

Branches:
Dungeon (7/15)             Temple (1/1) D:6

Altars:
Ashenzari
Cheibriados
Dithmenos
Elyvilon
Fedhas
Hepliaklqana
Kikubaaqudgha
Makhleb
Nemelex Xobeh
Okawaru
Qazlal
Ru
Sif Muna
Trog
Uskayaw
Vehumet
Wu Jian
Xom
Yredelemnul
The Shining One
Lugonu

Portals:
Abyss: D:3

Annotations:
D:3 2 transporters, 2 runed translucent doors, MrSquiggles's ghost, amateur MiFi
D:6 exclusion: downstairs


Innate Abilities, Weirdness & Mutations

You cannot be hasted, slowed, berserked, paralysed or teleported.
You can dig through walls and to a lower floor.
You have a pair of large antennae on your head. (SInv)
Your four strong arms can wield two-handed weapons with a shield.


Message History

The killer bee stings you.
* * * LOW HITPOINT WARNING * * *
You are lethally poisoned!
The killer bee poisons you!
You miss the killer bee.
The killer bee is moderately wounded.
* * * LOW HITPOINT WARNING * * *
You feel sick. You block the killer bee's attack. x2
You hit the killer bee.
The killer bee is heavily wounded.
* * * LOW HITPOINT WARNING * * *
You feel sick. The killer bee misses you. You block the killer bee's attack.
You miss the killer bee.
* * * LOW HITPOINT WARNING * * *
You feel sick. The killer bee barely misses you.
You block the killer bee's attack.
You hit the killer bee.
The killer bee is lightly wounded.
* * * LOW HITPOINT WARNING * * *
You feel sick. You block the killer bee's attack. x2
The killer bee stings you but does no damage.
The killer bee closely misses you.
You puncture the killer bee!
The killer bee is severely wounded.
The killer bee stings you but does no damage. x2
You hit the killer bee but do no damage.
The killer bee is severely wounded.
* * * LOW HITPOINT WARNING * * *
You feel sick. You block the killer bee's attack.
The killer bee closely misses you.
You hit the killer bee but do no damage.
The killer bee is severely wounded.
* * * LOW HITPOINT WARNING * * *
You feel sick. The killer bee misses you. x2
You block the killer bee's attack.
The killer bee stings you but does no damage.
You miss the killer bee.
The killer bee is severely wounded.
You block the killer bee's attack. The killer bee stings you.
You die...

..........###..##..###
............###..........
#...........# #..........
#..........## #..........
#..........# ##..........
#.........o###...........
#...........#....<.......
##.........>.#y†##........
#.............y@##........
#..............###........
#..............# #........
#..............# ##.......
#..............# .......
..............## .......
<............##
............##
.....<....##


You could see 2 killer bees.

Vanquished Creatures
  3 yaks
  6 humans (D:6)
  A steam dragon (D:6)
  3 black bears
  2 sky beasts (D:6)
  A phantom (D:6)
  2 necrophages (D:5)
  A gnoll sergeant (D:6)
  9 wights
  2 killer bees (D:7)
  2 howler monkeys
  A hound (D:5)
  2 orc priests (D:6)
  2 jellies (D:5)
  2 iguanas
  5 orc wizards
  8 gnolls
  8 adders
  2 shadow imps
  A worm (D:3)
  A dart slug (D:1)
  16 orcs
  8 ball pythons
  5 bats
  9 endoplasms
  2 giant cockroaches
  10 goblins
  4 hobgoblins
  8 jackals
  5 quokkas
  2 frilled lizards (D:1)
  9 kobolds
  8 rats
150 creatures vanquished.

Notes
Turn   | Place    | Note
-------+----------+-------------------------------------------
     0 | D:1      | jimonade the Formicid Fighter began the quest for the Orb.
     0 | D:1      | Reached XP level 1. HP: 18/18 MP: 1/1
    71 | D:1      | Reached XP level 2. HP: 24/24 MP: 2/2
   318 | D:1      | Reached XP level 3. HP: 29/29 MP: 3/3
   785 | D:2      | Reached XP level 4. HP: 36/36 MP: 4/4
   804 | D:1      | Reached skill level 5 in Shields
  1148 | D:2      | Reached skill level 3 in Polearms
  1420 | D:2      | Reached XP level 5. HP: 42/42 MP: 5/5
  2046 | D:3      | Found a one-way gate to the infinite horrors of the Abyss.
  2399 | D:3      | Identified the +6 dire flail of Intimidation {venom, Dex+3}
  2399 | D:3      | Noticed an ogre
  2400 | D:3      | Noticed MrSquiggles's ghost (amateur MiFi)
  2403 | D:3      | Noticed an ogre
  2405 | D:3      | Found a transporter.
  2416 | D:3      | Found a transporter.
  2507 | D:3      | Found a large runed translucent door.
  2510 | D:3      | Found a large runed translucent door.
  2835 | D:3      | Found a corrupted altar of Lugonu.
  3375 | D:4      | Reached XP level 6. HP: 45/48 MP: 6/6
  3388 | D:4      | Reached skill level 4 in Polearms
  3388 | D:4      | Reached skill level 1 in Dodging
  3750 | D:5      | Entered Level 5 of the Dungeon
  3761 | D:5      | Found a white marble altar of Elyvilon.
  4004 | D:5      | Reached skill level 5 in Polearms
  4004 | D:5      | Reached XP level 7. HP: 54/54 MP: 7/7
  4221 | D:5      | Reached skill level 6 in Polearms
  4245 | D:5      | Found a sacrificial altar of Ru.
  4471 | D:6      | Found an ornate altar of the Wu Jian Council.
  4471 | D:6      | Found a shimmering altar of Xom.
  4509 | D:6      | Reached XP level 8. HP: 52/61 MP: 8/8
  4569 | D:6      | Reached skill level 7 in Polearms
  5366 | D:6      | Reached skill level 8 in Polearms
  5688 | D:6      | Found a staircase to the Ecumenical Temple.
  5695 | D:6      | Noticed a human
  5695 | D:6      | Noticed a human
  5695 | D:6      | Noticed a human
  5696 | D:6      | Noticed a human
  5697 | D:6      | Noticed a human
  5698 | Temple   | Entered the Ecumenical Temple
  5792 | Temple   | Became a worshipper of Warmaster Okawaru
  5953 | D:6      | Killed a human
  5954 | D:6      | Reached skill level 5 in Armour
  5957 | D:6      | Killed a human
  5958 | D:6      | Reached XP level 9. HP: 55/66 MP: 9/9
  5964 | D:6      | Reached skill level 9 in Polearms
  5974 | D:6      | Reached skill level 5 in Fighting
  5989 | D:6      | Reached * piety under Okawaru
  6268 | D:6      | Reached skill level 10 in Polearms
  7032 | D:7      | Reached ** piety under Okawaru
  7033 | D:7      | Reached XP level 10. HP: 74/74 MP: 10/10
  7081 | D:7      | Reached skill level 1 in Invocations
  7086 | D:7      | Reached skill level 11 in Polearms
  7500 | D:7      | HP: 3/76 [poisoned by a killer bee]
  7504 | D:7      | HP: 1/76 [poisoned by a killer bee]
  7505 | D:7      | Slain by a killer bee

Illustrated notes

Levels and vault maps discovered:
D:1:      amcnicky_arrival_choice, layout_basic, minmay_misc_feat_enclosed,
          chequers_serial_rivers_small_3
D:2:      layout_loops_ring
D:3:      due_chaos_kobolds, layout_loops_ring, gammafunk_ghost_smash,
          chequers_mini_garden
D:4:      layout_cave_pools
D:5:      layout_basic, elyvilon_altar_1, nicolae_ru_path_of_blood
D:6:      layout_basic, chequers_temple_overflow_statue_of_worship,
          minmay_temple_entry_proselytizer, serial_rivers,
          chequers_serial_rivers_small_b, chequers_serial_rivers_marsh,
          chequers_serial_rivers_micro_c, chequers_serial_rivers_marsh,
          minmay_ruffians
D:7:      layout_cave_pods
Temple:   nicolae_temple_bog_church

Skill      XL: |  1  2  3  4  5  6  7  8  9 10 |
---------------+-------------------------------+-----
Shields        | 5 6 |  6.4
Polearms       | 3 5 6 8 10 11 | 11.1
Fighting       | 4 5 |  5.9
Armour         | 4 5 6 |  6.5
Dodging        | 1 |  1.3
Invocations    | 2 |  2.1
Ranged Weapons | |  0.8
Stealth        | |  0.6

Action                     |  1- 3 |  4- 6 |  7- 9 | 10-12 || total
---------------------------+-------+-------+-------+-------++-------
  Melee: Trident           |    99 |   199 |   291 |    75 ||   664
   Fire: Sling             |       |       |     1 |       ||     1
 Invoke: Heroism           |       |       |       |     1 ||     1
  Evoke: Wand              |       |       |       |     1 ||     1
    Use: Scroll            |       |       |     4 |       ||     4
         Potion            |       |       |     1 |     4 ||     5
 Armour: Scale mail        |    46 |    20 |       |       ||    66
         Chain mail        |       |    46 |    80 |    35 ||   161
  Dodge: Dodged            |    47 |    49 |    86 |    37 ||   219
  Block: Buckler           |    20 |    43 |    63 |    36 ||   162

Table legend: (Time is in decaauts)
 A = Elapsed time spent in this place.
 B = Non-inter-level travel time spent in this place.
 C = Inter-level travel time spent in this place.
 D = Time resting spent in this place.
 E = Time spent auto-exploring this place.
 F = Levels seen in this place.
 G = Mean time per level.
                   A        B        C        D        E       F      G
               +--------+--------+--------+--------+--------+-----+--------+
         Total |   7528 |   7187 |    341 |   1395 |   4061 |   8 |  941.0 |
       Dungeon |   7283 |   6966 |    317 |   1395 |   3864 |   7 | 1040.4 |
        Temple |    245 |    221 |     24 |      0 |    196 |   1 |  245.0 |
               +--------+--------+--------+--------+--------+-----+--------+

Top non-repeatable levels by time:
     D:6: 2012 daAuts
     D:3: 1473 daAuts
     D:5: 1261 daAuts
     D:1: 940 daAuts
     D:2: 859 daAuts
     D:4: 527 daAuts
  Temple: 245 daAuts
     D:7: 207 daAuts
